 Dungeon Crawl Stone Soup version 0.28.0-49-g6dfe1f597d (webtiles) character file.

Game seed: 15997256838097348034

21324 issech the Cleaver (level 12, -5/107 HPs)
             Began as a Troll Monk on May 11, 2022.
             Was an Elder of Hepliaklqana.
             Slain by a 12-headed hydra (6 damage)
             ... on level 12 of the Dungeon.
             The game lasted 01:03:59 (11226 turns).

issech the Cleaver (Troll Monk)                    Turns: 11226, Time: 01:04:01

Health: -5/107     AC: 11    Str: 22    XL:     12   Next: 53%
Magic:  11/11      EV: 13    Int:  6    God:    Hepliaklqana [****..]
Gold:   571        SH:  0    Dex: 16    Spells: 11/11 levels left

rFire   . . .      SeeInvis .   p - +7 hand axe of Evisceration {holy, rPois}
rCold   + . .      Faith    .   (no shield)
rNeg    . . .      Spirit   .   Q - +1 steam dragon scales
rPois   +          Reflect  .   (helmet restricted)
rElec   .          Harm     .   J - +0 cloak
rCorr   .          Rampage  .   (gloves unavailable)
Will    .....                   (boots unavailable)
Stlth   +++.......              H - amulet of regeneration
HPRegen 1.87/turn               u - ring of protection from cold
MPRegen 0.12/turn               b - +4 ring of slaying

@: no status effects
A: reduced essence, large, unfitting armour, claws 3, regeneration 1, shaggy fur
1, tough skin 1, iridescent scales 1, MP-powered wands
a: Renounce Religion, Recall Ancestor, Ancestor Identity, Transference, Idealise


You were on level 12 of the Dungeon.
You worshipped Hepliaklqana.
Hepliaklqana was greatly pleased with you.
You visited 2 branches of the dungeon, and saw 13 of its levels.
You also visited: Sewer.

You collected 599 gold pieces.
You spent 28 gold pieces at shops.

Inventory:

Hand Weapons
 m - a +0 morningstar
 p - the +7 hand axe of Evisceration (weapon) {holy, rPois}
   (You found it on level 3 of the Dungeon)

   It has been blessed by the Shining One to cause great damage to the undead
   and demons.
   rPois:     It protects you from poison.
 B - a +4 dagger of distortion
 C - a +5 halberd
 L - a +1 vorpal flail
 P - a +0 great mace of holy wrath
 R - a +0 broad axe of flaming
 V - a +2 hand axe of distortion
Missiles
 c - 367 stones
 d - 7 boomerangs
 e - 84 sling bullets
 g - 194 arrows
 k - 56 bolts
 o - 25 poisoned darts
 w - 4 throwing nets
 A - 10 large rocks (quivered)
 F - 4 curare-tipped darts
 W - 3 atropa-tipped darts
 Y - 4 javelins
Armour
 v - a +2 robe of cold resistance
 z - a +2 robe of willpower
 J - a +0 cloak (worn)
 M - a +0 troll leather armour
 Q - +1 steam dragon scales (worn)
Jewellery
 b - a +4 ring of slaying (right claw)
 u - a ring of protection from cold (left claw)
 y - an amulet of guardian spirit
 H - an amulet of regeneration (around neck)
 N - a ring of positive energy
 T - a ring of poison resistance
Wands
 I - a wand of acid (11)
 O - a wand of paralysis (6)
 U - a wand of iceblast (10)
 X - a wand of flame (12)
 Z - a wand of polymorph (5)
Scrolls
 l - 5 scrolls of teleportation
 n - a scroll of identify
 r - a scroll of silence
 s - 2 scrolls of blinking
 t - 5 scrolls of amnesia
 x - 3 scrolls of enchant weapon
 K - 3 scrolls of enchant armour
Potions
 a - 3 potions of resistance
 f - 2 potions of might
 h - a potion of berserk rage
 j - 2 potions of brilliance
 q - 4 potions of heal wounds
 D - 2 potions of cancellation
 E - 2 potions of flight
 G - 2 potions of invisibility
 S - 3 potions of curing
Miscellaneous
 i - a tin of tremorstones (2/2)


   Skills:
 + Level 7.9 Fighting
 + Level 1.2 Short Blades
 + Level 11.6(11.8) Axes
 + Level 3.6(8.9) Maces & Flails
 + Level 7.5 Throwing
 + Level 7.3 Dodging
 + Level 3.8 Stealth


You had 11 spell levels left.
You didn't know any spells.
Your spell library contained the following spells:

 Spells                   Type           Power      Damage    Failure   Level
 Corpse Rot               Necr/Air       0%         N/A       58%         2
 Poisonous Vapours        Pois/Air       0%         N/A       58%         2
 Sublimation of Blood     Necr           0%         N/A       58%         2
 Ignite Poison            Fire/Tmut/Pois 0%         N/A       83%         3
 Mephitic Cloud           Conj/Pois/Air  0%         N/A       83%         3
 Ozocubu's Armour         Ice            0%         N/A       83%         3
 Portal Projectile        Hex/Tloc       0%         N/A       83%         3
 Petrify                  Tmut/Erth      0%         N/A       99%         4
 Blade Hands              Tmut           0%         N/A       100%        5
 Excruciating Wounds      Necr           0%         N/A       100%        5
 Freezing Cloud           Conj/Ice/Air   0%         6-21      100%        5
 Irradiate                Conj/Tmut      0%         3d13      100%        5
 Summon Forest            Summ/Tloc      0%         N/A       100%        5
 Eringya's Noxious Bog    Tmut/Pois      0%         N/A       100%        6
 Ozocubu's Refrigeration  Ice            0%         4d5       100%        7
 Summon Hydra             Summ           0%         N/A       100%        7


Dungeon Overview and Level Annotations

Branches:
Dungeon (12/15)            Temple (1/1) D:5            Lair (0/6) D:9
    Orc (0/2) D:12          Sewer (visited)

Altars:
Ashenzari
Cheibriados
Dithmenos
Elyvilon
Fedhas
Gozag
Hepliaklqana
Kikubaaqudgha
Makhleb
Nemelex Xobeh
Okawaru
Qazlal
Ru
Sif Muna
Trog
Uskayaw
Vehumet
Wu Jian
Xom
Yredelemnul
Zin
The Shining One

Shops:
D:4 *   D:5 [   D:7 ?   D:12 *

Annotations:
D:10 1 runed translucent door, pkoi's ghost, novice DgGl


Innate Abilities, Weirdness & Mutations

Your life essence is reduced to manifest your ancestor. (-10% HP)
You are too large for most types of armour.
You have claws for hands.
Your natural rate of healing is unusually fast.
You are covered in fur. (AC +1)
You have tough skin. (AC +1)
You are partially covered in iridescent scales. (AC +2)
You expend magic power (3 MP) to strengthen your wands.


Message History

The 11-headed hydra barely misses you.
The 11-headed hydra bites you but does no damage.
The 11-headed hydra misses you.
The 11-headed hydra bites you but does no damage.
The 11-headed hydra bites you. x3; The 11-headed hydra closely misses you.
You lop one of the 11-headed hydra's heads off!
The ten-headed hydra grows two more!
You slash the 12-headed hydra!
The 12-headed hydra is heavily wounded.
Unknown command.
The 12-headed hydra barely misses you.
The 12-headed hydra bites you but does no damage.
The 12-headed hydra barely misses you. The 12-headed hydra bites you.
The 12-headed hydra barely misses you.
The 12-headed hydra bites you but does no damage.
The 12-headed hydra misses you.
The 12-headed hydra completely misses you.
The 12-headed hydra bites you but does no damage.
The 12-headed hydra barely misses you. The 12-headed hydra bites you.
The 12-headed hydra bites you but does no damage.
You throw a large rock.
The large rock hits the 12-headed hydra!!
The 12-headed hydra is almost dead.
The 12-headed hydra bites you but does no damage.
The 12-headed hydra bites you! x2; The 12-headed hydra bites you.
The 12-headed hydra bites you but does no damage.
The 12-headed hydra bites you! x2
* * * LOW HITPOINT WARNING * * *
The 12-headed hydra bites you.
* * * LOW HITPOINT WARNING * * *
The 12-headed hydra misses you.
The 12-headed hydra bites you but does no damage. x2
The 12-headed hydra bites you!
* * * LOW HITPOINT WARNING * * *
You barely miss the 12-headed hydra.
The 12-headed hydra is almost dead.
The 12-headed hydra bites you!
* * * LOW HITPOINT WARNING * * *
The 12-headed hydra bites you but does no damage. x5
The 12-headed hydra bites you.
You die...

..#.............#.#...#.#.#...#
................#.#..#........#
#........>........#..#.#...#..#
#...................##..#.#...#
........÷............#...∩....#
.....................#..#.#..##
##...................#.#...#.#
......).#####................#
##...)))........@..........###
#......########.D....#######
..#.##...# ##.(....#
###.####.## #.......#
..........## #.#.##.##
...........###.#..#.##
###.........##.#.....###***
..#............#........,,*
<.#..........###......<..,*


You could see a 12-headed hydra.

Vanquished Creatures
  3 two-headed ogres
  Urug (D:11)
  Sonja (D:11)
  A wizard (D:11)
  A manticore (D:11)
  An ugly thing (D:12)
  An ice statue (D:8)
  4 ice devils (D:8)
  A kobold demonologist (D:10)
  3 trolls
  A polar bear (D:10)
  6 slime creatures (D:12)
  A shadow (D:9)
  2 wraiths (D:12)
  5 yaks (D:9)
  A steam dragon (D:8)
  2 wargs (D:12)
  A water moccasin (D:6)
  A black bear (D:6)
  6 orc warriors
  An ice beast (D:10)
  3 necrophages
  2 ogres (D:6)
  A centaur (D:9)
  A phantom (D:7)
  2 lemures (D:6)
  3 kobold brigands (Sewer)
  A bullfrog (D:7)
  2 scorpions (D:4)
  10 killer bees
  2 electric eels
  5 howler monkeys
  2 bullfrog zombies (D:6)
  4 centaur zombies
  2 bullfrog skeletons (D:5)
  6 hounds
  3 orc priests
  A jelly (D:4)
  An iguana (D:5)
  4 orc wizards
  A killer bee zombie (D:6)
  4 centaur simulacra (D:10)
  A hound skeleton (D:4)
  A howler monkey skeleton (D:7)
  7 gnolls (D:5)
  A howler monkey zombie (D:9)
  10 adders
  2 shadow imps
  4 white imps
  3 ufetubi
  5 worms
  5 dart slugs
  21 orcs
  9 ball pythons
  10 endoplasms
  2 giant cockroaches
  6 goblins
  7 hobgoblins
  4 jackals (D:3)
  21 kobolds
  6 quokkas
  7 bats
  6 frilled lizards
  22 rats
264 creatures vanquished.

Vanquished Creatures (collateral kills)
  A two-headed ogre (D:8)
  Pikel (D:6)
  3 cyclopes
  A gargoyle (D:12)
  Maggie (D:6)
  Psyche (D:8)
  3 unseen horrors
  4 ice devils (D:8)
  A troll (D:11)
  A polar bear (D:10)
  3 slime creatures (D:12)
  A centaur simulacrum (D:10)
  A yak (D:10)
  A vampire mosquito (D:11)
  Edmund (D:6)
  An acid dragon (D:11)
  Duvessa (D:7)
  A water moccasin (D:7)
  2 wolves (D:9)
  A centaur (D:12)
  2 lemures (D:6)
  2 kobold brigands (Sewer)
  2 bullfrogs
  Dowan (D:7)
  5 killer bees (D:8)
  An electric eel (D:9)
  A centaur zombie (D:7)
  3 hounds
  2 orc priests
  3 orc wizards
  3 adders
  5 river rats (Sewer)
  3 ufetubi (D:8)
  3 orcs
  A kobold (Sewer)
  2 ball pythons
  3 frilled lizards (Sewer)
  5 rats (Sewer)
77 creatures vanquished.

Vanquished Creatures (others)
  7 battlemagi
7 creatures vanquished.

Grand Total: 348 creatures vanquished

Notes
Turn   | Place    | Note
-------+----------+-------------------------------------------
     0 | D:1      | issech the Troll Monk began the quest for the Orb.
     0 | D:1      | Reached XP level 1. HP: 22/22 MP: 0/0
   163 | D:1      | Found a faded altar of an unknown god.
   190 | D:1      | Reached XP level 2. HP: 28/29 MP: 1/1
   948 | D:2      | Reached XP level 3. HP: 19/36 MP: 2/2
  1481 | D:2      | Reached XP level 4. HP: 43/45 MP: 3/3
  1679 | D:3      | Identified the +7 hand axe of Evisceration {holy, rPois}
  1790 | D:3      | Reached skill level 1 in Short Blades
  1966 | D:3      | Found a bloodstained altar of Trog.
  1983 | D:3      | Identified the +6 dagger "Jaobb" {pain, Will+ Int+3 Dex+2}
  2062 | D:4      | Noticed a scorpion
  2068 | D:4      | Killed a scorpion
  2069 | D:4      | Reached skill level 1 in Axes
  2069 | D:4      | Reached XP level 5. HP: 43/53 MP: 4/4
  2458 | D:4      | Reached skill level 2 in Axes
  2493 | D:4      | Found Xaoto's General Store.
  2511 | D:4      | Reached XP level 6. HP: 61/61 MP: 5/5
  2760 | D:5      | Entered Level 5 of the Dungeon
  2779 | D:5      | Reached skill level 3 in Axes
  2779 | D:5      | Reached skill level 1 in Throwing
  2787 | D:5      | Found Ofymmo's Antique Armour Shop.
  2798 | D:5      | Reached XP level 7. HP: 45/67 MP: 6/6
  3010 | D:5      | Found a staircase to the Ecumenical Temple.
  3045 | Temple   | Entered the Ecumenical Temple
  3117 | Temple   | Became a worshipper of Hepliaklqana the Forgotten
  3117 | Temple   | Reached * piety under Hepliaklqana
  3117 | Temple   | Reached ** piety under Hepliaklqana
  3124 | Temple   | Remembered your ancestor Beorhtric as a battlemage
  3321 | D:5      | Found an opulent altar of Gozag.
  3321 | D:5      | Found a glowing silver altar of Zin.
  3387 | D:5      | Found a stormy altar of Qazlal.
  3396 | D:5      | Found a hide-covered altar of Uskayaw.
  3409 | D:5      | Found a shimmering blue altar of Sif Muna.
  3410 | D:5      | Found a blossoming altar of Fedhas.
  3709 | D:4      | Bought a scroll of identify for 28 gold pieces
  3793 | D:6      | Found a glowing drain.
  3808 | Sewer    | Entered a sewer
  3911 | Sewer    | Reached skill level 4 in Axes
  4027 | Sewer    | Reached XP level 8. HP: 55/70 MP: 5/7
  4111 | Sewer    | Reached skill level 5 in Axes
  4419 | D:6      | Noticed Maggie
  4707 | D:6      | Reached skill level 6 in Axes
  4801 | D:6      | Noticed Edmund
  4810 | D:6      | Killed Edmund
  4811 | D:6      | Reached skill level 5 in Fighting
  4823 | D:6      | Reached XP level 9. HP: 55/79 MP: 4/8
  5020 | D:6      | Noticed a two-headed ogre
  5029 | D:6      | Killed a two-headed ogre
  5030 | D:6      | Reached skill level 7 in Axes
  5052 | D:6      | Noticed Pikel
  5070 | D:6      | Killed Pikel
  5108 | D:6      | Killed Maggie
  5109 | D:6      | Reached skill level 8 in Axes
  5324 | D:7      | Found Qoar's Magic Scroll Shop.
  5418 | D:7      | Reached *** piety under Hepliaklqana
  5500 | D:7      | Reached skill level 5 in Dodging
  5526 | D:7      | Reached XP level 10. HP: 63/88 MP: 7/9
  5573 | D:7      | Noticed Duvessa
  5574 | D:7      | Noticed Dowan
  5579 | D:7      | Killed Duvessa
  5584 | D:7      | Killed Dowan
  5899 | D:8      | Noticed Psyche
  5909 | D:8      | Killed Psyche
  5974 | D:8      | Noticed a two-headed ogre
  5988 | D:8      | Killed a two-headed ogre
  6037 | D:8      | Noticed an ice statue
  6155 | D:8      | Found a sacrificial altar of Ru.
  6200 | D:8      | Reached skill level 9 in Axes
  7097 | D:8      | Reached skill level 5 in Throwing
  7235 | D:8      | Killed an ice statue
  7330 | D:8      | Reached XP level 11. HP: 96/96 MP: 10/10
  7582 | D:9      | Found a staircase to the Lair.
  7746 | D:9      | Identified the +3 leather armour of the Ward {rF++ Regen+
                  | Str-4}
  8460 | D:10     | Entered Level 10 of the Dungeon
  8482 | D:10     | Found a shimmering altar of Xom.
  8489 | D:10     | Reached skill level 10 in Axes
  8717 | D:10     | Reached **** piety under Hepliaklqana
  8786 | D:10     | Gained mutation: You expend magic power (3 MP) to
                  | strengthen your wands. [potion of mutation]
  8786 | D:10     | Gained mutation: You are partially covered in iridescent
                  | scales. (AC +2) [potion of mutation]
  8882 | D:10     | Found a runed translucent door.
  8882 | D:10     | Noticed a flayed ghost
  8887 | D:10     | Noticed pkoi's ghost (novice DgGl)
  9095 | D:10     | Identified the +1 ring mail of Qazlal's Outrage {Int+2}
  9321 | D:11     | Noticed Urug
  9820 | D:11     | Noticed a two-headed ogre
  9833 | D:11     | Killed a two-headed ogre
 10020 | D:11     | Killed Urug
 10261 | D:11     | Noticed Sonja
 10264 | D:11     | Killed Sonja
 10466 | D:11     | Noticed a wizard
 10549 | D:11     | Noticed a two-headed ogre
 10553 | D:11     | Killed a two-headed ogre
 10554 | D:11     | Reached skill level 11 in Axes
 10554 | D:11     | Reached XP level 12. HP: 79/106 MP: 11/11
 10585 | D:11     | Noticed a catoblepas
 10939 | D:12     | Found a staircase to the Orcish Mines.
 11134 | D:12     | Found Pidumari's General Store.
 11174 | D:12     | Noticed a seven-headed hydra
 11226 | D:12     | HP: 1/107 [12-headed hydra (12)]
 11226 | D:12     | Slain by a 12-headed hydra

Illustrated notes

Levels and vault maps discovered:
D:1:      kilobyte_arrival_exit_the_forest, layout_loops_ring,
          shapermc_ecumenical_altar_mp_vishouse
D:2:      layout_basic
D:3:      layout_basic, bloody_trog
D:4:      layout_basic, nicolae_take_the_stairs
D:5:      layout_cave_pools, grunt_temple_overflow_gold_and_silver, minitemple,
          minmay_temple_entry_grid, serial_shops, shop
D:6:      kennysheep_spiral_hall, layout_loops_ring, portal_sewer_entry_b,
          kennysheep_decorative_pillar, uniq_edmund, uniq_pikel, uniq_maggie
D:7:      layout_rooms, serial_shops, nicolae_stop_n_shop_1,
          minmay_misc_feat_five, hex_intersection, uniq_duvessa
D:8:      cheibrodos_frozen_isle, layout_basic, lemuel_round_altar, uniq_psyche
D:9:      layout_small_grid, erik_lair_island, minmay_misc_feat_columns,
          statue_in_the_mist_lemuel
D:10:     layout_cave_pools, old_standard_altar, serial_ice, serial_ice_m,
          serial_ice_h, serial_ice_e, serial_ice_f, serial_ice_n,
          ebering_ghost_inner_flame
D:11:     wad_arrow_thing, layout_long_grid, uniq_sonja, uniq_urug, uniq_erica
D:12:     layout_rooms, david_orc_3, serial_shops,
          nicolae_shop_advertising_works [nicolae_subvault_shop_adworks],
          nicolae_elevator_lobby_asterisk, uniq_snorg
Temple:   nicolae_temple_figure_eight

Skill      XL: |  1  2  3  4  5  6  7  8  9 10 11 12 |
---------------+-------------------------------------+-----
Maces & Flails | 3 |  3.6
Fighting       | 3 4 5 6 7 |  7.9
Short Blades   | 1 |  1.2
Axes           | 1 2 3 4 6 8 9 11 | 11.6
Dodging        | 3 4 5 6 7 |  7.3
Throwing       | 1 2 5 7 |  7.5
Stealth        | 2 3 |  3.8

Action                   |  1- 3 |  4- 6 |  7- 9 | 10-12 || total
-------------------------+-------+-------+-------+-------++-------
Melee: Mace              |    57 |       |       |       ||    57
       Dagger            |    75 |       |       |       ||    75
       Whip              |     8 |    21 |       |       ||    29
       Punch             |     1 |       |     5 |     7 ||    13
       Hand axe          |       |   125 |   177 |   388 ||   690
       Unarmed           |       |       |       |     1 ||     1
Throw: Boomerang         |     3 |     9 |    15 |   165 ||   192
       Stone             |       |       |       |    33 ||    33
       Large rock        |       |       |       |    22 ||    22
Invok: Ancestor Life: Ba |       |       |     1 |       ||     1
       Recall Ancestor   |       |       |       |     1 ||     1
  Use: Scroll            |       |       |     7 |    13 ||    20
       Potion            |       |       |       |     8 ||     8
 Stab: Sleeping          |       |     5 |     4 |       ||     9
       Distracted        |       |     1 |       |     3 ||     4
Armor: Robe              |    54 |    36 |    38 |    35 ||   163
       Steam dragon scal |       |       |     7 |   134 ||   141
Dodge: Dodged            |    70 |    78 |   100 |   229 ||   477
